Map: Stasis LE

Players

Odin - Winner!

  • Race: Zerg Zerg
  • League: Gold
  • Spawn Location: 1:00

keyser

  • Race: Terran Terran
  • League: Gold
  • Spawn Location: 11:00

VOD

Have the link to the VOD?

Description

Time

  • Played on: Dec. 15, 2018, 1:13 a.m.
  • Length: 8:54
Show
View Real Time Build Order
Export as new Build Order

Odin Zerg - Winner!

Build Orders: Hatch First 

Get SALT Encoding   

  12  0:23  Drone  
  12  0:24  Drone  
  14  0:29  Extractor, Drone  
  14  0:35  Overlord  
  15  0:54  Hatchery  
  14  0:57  Drone  
  14  0:59  Drone  
  16  1:17  Spawning Pool  
  15  1:20  Drone  
  15  1:22  Drone  
  15  1:25  Extractor  
  16  1:55  Drone x2  
  16  1:56  Drone  
  19  2:07  Drone  
  20  2:10  Queen  
  20  2:12  Queen  
  24  2:31  Hatchery  
  23  2:45  Drone  
  23  2:46  Drone x4  
  23  2:47  Overlord  
  28  3:05  Extractor  
  28  3:07  Roach Warren  
  28  3:10  Drone x2  
  28  3:29  Drone x3  
  28  3:33  Queen  
  33  3:40  Drone x3  
  36  3:44  Drone x3  
  36  3:47  Extractor  
  38  3:49  Extractor  
  38  3:51  Zergling x6  
  40  4:05  Drone x2  
  42  4:10  Metabolic Boost  
  42  4:25  Overlord x3  
  42  4:26  Overlord x3  
  41  5:03  Hatchery  
  41  5:05  Roach x6  
  41  5:07  Hatchery  
  49  5:12  Roach x3  
  55  5:32  Ravager x7  
  62  5:37  Roach x2  
  66  5:44  Roach  
  66  5:46  Roach  
  70  5:54  Drone x5  
  70  5:55  Drone x6  
  81  6:14  Spine Crawler  
  81  6:17  Spine Crawler x2  
  78  6:21  Spore Crawler  
  77  6:27  Lair, Queen x2  
  81  6:33  Drone x10  
  91  6:40  Ravager  
  91  6:41  Ravager x5  
  94  7:42  Extractor, Hatchery  
  94  7:43  Extractor  
  91  7:47  Roach x2  
  91  7:48  Overlord x6  
  91  7:49  Overlord x3  
  95  8:32  Roach  
  95  8:33  Roach x15  
Show
View Real Time Build Order
Export as new Build Order

keyser Terran 

Build Orders:  

Get SALT Encoding   

  12  0:03  SCV  
  13  0:21  Supply Depot  
  13  0:23  SCV  
  14  0:35  SCV  
  15  0:44  Barracks  
  15  0:48  SCV  
  16  0:52  Refinery  
  16  1:00  SCV  
  17  1:18  SCV  
  18  1:24  Refinery  
  18  1:30  SCV  
  18  1:31  Supply Depot  
  19  1:42  SCV  
  20  1:55  Factory  
  20  1:58  Marine  
  21  2:03  Orbital Command  
  21  2:18  Marine  
  22  2:31  Command Center  
  22  2:33  SCV  
  23  2:40  Widow Mine  
  25  3:02  Hellion  
  27  3:10  Marine  
  28  3:13  SCV  
  29  3:23  Hellion  
  29  3:24  Starport  
  31  3:29  Barracks  
  31  3:44  Hellion  
  33  4:03  Orbital Command  
  33  4:11  Barracks Tech Lab  
  33  4:15  Factory Tech Lab  
  33  4:17  Barracks Tech Lab  
  33  4:20  Barracks  
  33  4:31  Marauder  
  33  4:33  Starport Reactor  
  33  4:35  SCV  
  33  4:37  Marauder  
  33  4:38  Concussive Shells  
  38  4:40  Combat Shield  
  38  4:44  Siege Tank  
  41  4:47  SCV  
  41  4:48  SCV  
  43  5:29  Medivac  
  45  5:36  Supply Depot  
  45  5:38  Supply Depot  
  45  5:39  SCV  
  45  5:40  Siege Tank, Medivac  
  51  5:48  Barracks Reactor  
  51  5:51  Armory  
  51  5:52  SCV  
  51  5:53  SCV  
  53  5:57  Infernal Pre-Igniter  
  53  6:05  Stimpack  
  53  6:06  SCV  
  53  6:07  SCV  
  55  6:22  Engineering Bay  
  55  6:24  Marine  
  55  6:25  Marine  
  57  6:34  SCV  
  57  6:36  Supply Depot  
  57  6:37  Supply Depot, Siege Tank  
  59  7:09  Hellion  
  58  7:33  Marauder x2  
  58  7:36  Siege Tank  
  65  7:39  Medivac  
  65  7:54  Marine x2  
  67  8:08  Siege Tank  
  67  8:12  Marine, Marauder  
  62  8:30  Marauder  
  62  8:33  Marine  
Tags
 
League
GoldGold
Matchup
TvZ
Spawn Locations
Close Positions
Add a new tag
Caveats
  • Supply blocks, unpowered buildings, or Contaminate may cause inaccurate times.
  • Supply counts are checked every 10 seconds.